 Dungeon Crawl Stone Soup version 0.30-a0-305-g026cb31310 (webtiles) character file.

Game seed: 12236249459048754997

42 sleeves the Vexing (level 3, 0/20 HPs)
             Began as a Deep Elf Hexslinger on Oct 23, 2022.
             Slain by an adder (3 damage)
             ... on level 2 of the Dungeon.
             The game lasted 00:01:50 (822 turns).

sleeves the Vexing (Deep Elf Hexslinger)             Turns: 822, Time: 00:01:50

Health: 0/20       AC:  2    Str:  7    XL:     3   Next: 35%
Magic:  6/7        EV: 13    Int: 17    God:
Gold:   72         SH:  0    Dex: 17    Spells: 4/5 levels left

rFire   . . .      SeeInvis .    a - +1 sling
rCold   . . .      Faith    .    (no shield)
rNeg    . . .      Spirit   .    c - +0 robe
rPois   .          Reflect  .    (no helmet)
rElec   .          Harm     .    (no cloak)
rCorr   .          Rampage  .    (no gloves)
Will    .....                    (no boots)
Stlth   ++........               (no amulet)
HPRegen 0.23/turn                (no ring)
MPRegen 0.10/turn                (no ring)

@: mighty, lethally poisoned (0 -> -2)
A: no striking features
a: no special abilities


You were on level 2 of the Dungeon.
You visited 1 branch of the dungeon, and saw 2 of its levels.

You collected 72 gold pieces.

Inventory:

Hand Weapons
 a - a +1 sling (weapon)
Armour
 c - a +0 robe (worn)
Scrolls
 b - a scroll of poison
 g - 2 scrolls of identify {unknown}
 i - a scroll of noise {unknown}
Potions
 e - a potion of flight {unknown}
 f - a potion of attraction {unknown}
 h - a potion of cancellation {unknown}
 j - a potion of degeneration {unknown}
 k - a potion of curing {unknown}


   Skills:
 - Level 0.7 Fighting
 + Level 4.1 Ranged Weapons
 - Level 2.4 Dodging
 - Level 1.5 Spellcasting
 + Level 5.0 Hexes


You had 4 spell levels left.
You knew the following spells:

 Your Spells              Type           Power      Damage    Failure   Level
a - Slow                  Hex            72%        N/A       2%          1

Your spell library contained the following spells:

 Spells                   Type           Power      Damage    Failure   Level
 Tukima's Dance           Hex            18%        N/A       8%          3
 Inner Flame              Hex/Fire       9%         N/A       22%         3
 Portal Projectile        Hex/Tloc       18%        N/A       22%         3
 Cause Fear               Hex            9%         N/A       26%         4
 Blade Hands              Tmut           0%         N/A       99%         5


Dungeon Overview and Level Annotations

Branches:
Dungeon (2/15)

Altars:

Annotations:
D:2 Robin, Sigmund


Message History

Welcome, sleeves the Deep Elf Hexslinger.
Everyone else who sought the Orb of Zot has failed.
Will you be different?
Press ? for a list of commands and other information.
Found a staircase leading out of the dungeon.
A rat and a bat come into view.
Found a book of Weapons.
There are monsters nearby!
There are monsters nearby!
You shoot a sling bullet. The sling bullet hits the bat.
You kill the bat!
You shoot a sling bullet. The sling bullet hits the rat.
You kill the rat!
No target in view!
You see here a bat corpse.
You pick up a book of Weapons and begin reading...
You add the spells Tukima's Dance and Blade Hands to your library.
A goblin comes into view. It is wielding a +0 club.
A goblin is nearby!
A goblin is nearby!
A goblin is nearby!
You shoot a sling bullet. The sling bullet hits the goblin.
You kill the goblin!
No target in view!
A quokka comes into view.
A quokka is nearby!
A quokka is nearby!
You shoot a sling bullet. The sling bullet hits the quokka!
You kill the quokka!
Your Ranged Weapons skill increases to level 3!
No target in view!
A goblin comes into view. It is wielding a +0 club.
Found 14 gold pieces and a bubbling yellow potion.
You see here a quokka corpse.
A goblin is nearby!
A goblin is nearby!
You shoot a sling bullet. The sling bullet hits the goblin.
You kill the goblin!
A goblin comes into view. It is wielding a +0 dagger.
A goblin is nearby!
A goblin is nearby!
You shoot a sling bullet. The sling bullet hits the goblin.
You kill the goblin!
Found a tower shield.
Found a stone staircase leading down.
You now have 14 gold pieces.
A ball python comes into view.
You see here a bubbling yellow potion.
You shoot a sling bullet.
The sling bullet completely misses the ball python.
The ball python hisses angrily.
A giant cockroach comes into view.
You shoot a sling bullet. The sling bullet hits the ball python.
The ball python is severely wounded.
You shoot a sling bullet.
The sling bullet closely misses the ball python.
The sling bullet hits the giant cockroach but does no damage.
You shoot a sling bullet. The sling bullet hits the ball python.
You kill the ball python!
You shoot a sling bullet.
The sling bullet hits the giant cockroach.
The giant cockroach is heavily wounded.
You shoot a sling bullet.
The sling bullet closely misses the giant cockroach.
The giant cockroach bites you but does no damage.
You shoot a sling bullet.
The sling bullet barely misses the giant cockroach.
The giant cockroach bites you but does no damage.
The giant cockroach misses you.
You shoot a sling bullet.
The sling bullet hits the giant cockroach.
You kill the giant cockroach!
No target in view!
d - a bubbling yellow potion A goblin comes into view.
It is wielding a +0 club.
A goblin is nearby!
A goblin is nearby!
You shoot a sling bullet. The sling bullet hits the goblin.
You kill the goblin!
You have reached level 2!
e - a brown potion A giant cockroach comes into view.
You see here a blue potion.
A giant cockroach is nearby!
You shoot a sling bullet.
The sling bullet hits the giant cockroach.
The giant cockroach is severely wounded.
The giant cockroach waves its antennae.
No target in view!
f - a blue potion A giant cockroach is nearby!
A giant cockroach is nearby!
You shoot a sling bullet.
The sling bullet hits the giant cockroach!
You kill the giant cockroach!
You see here a +0 club.
Things that are here:
a +0 dagger; a goblin corpse
Found a robe.
A quokka comes into view.
Found 3 stones.
A quokka is nearby!
You shoot a sling bullet. The sling bullet hits the quokka!
You kill the quokka!
Found a falchion.
A kobold comes into view. It is wielding a +0 short sword.
A kobold is nearby!
You shoot a sling bullet. The sling bullet hits the kobold.
You kill the kobold!
A quokka comes into view.
You see here a +0 falchion.
A quokka is nearby!
A quokka is nearby!
You shoot a sling bullet. The sling bullet hits the quokka.
You kill the quokka!
Things that are here:
a +0 short sword; 4 stones You now have 22 gold pieces (gained 8).
A hobgoblin comes into view.
Found a scroll labelled KANOED EMIVIZA.
A hobgoblin is nearby!
A hobgoblin is nearby!
You shoot a sling bullet. The sling bullet hits the hobgoblin.
You kill the hobgoblin!
g - a scroll labelled KANOED EMIVIZA You see here a hobgoblin corpse.
A rat comes into view.
A rat is nearby!
You shoot a sling bullet. The sling bullet hits the rat.
The rat is heavily wounded.
You hear a shout! x2
You shoot a sling bullet. The sling bullet hits the rat.
You kill the rat!
A kobold comes into view. It is wielding a +0 dagger.
A kobold is nearby!
A kobold is nearby!
You shoot a sling bullet.
The sling bullet barely misses the kobold.
The kobold throws a stone.
The stone barely misses you.
You shoot a sling bullet. The sling bullet hits the kobold.
The kobold is heavily wounded.
The kobold throws a stone.
The stone closely misses you.
You shoot a sling bullet. The sling bullet misses the kobold.
The kobold throws a stone.
The stone barely misses you.
A kobold is nearby!
You shoot a sling bullet. The sling bullet hits the kobold.
You kill the kobold!
A hobgoblin comes into view.
A hobgoblin is nearby!
A hobgoblin is nearby!
You shoot a sling bullet.
The sling bullet hits the hobgoblin but does no damage.
A hobgoblin is nearby!
You shoot a sling bullet.
The sling bullet closely misses the hobgoblin.
A hobgoblin is nearby!
You shoot a sling bullet. The sling bullet hits the hobgoblin.
The hobgoblin is almost dead.
The hobgoblin hits you. The hobgoblin barely misses you.
You shoot a sling bullet.
The sling bullet barely misses the hobgoblin.
The hobgoblin barely misses you.
You shoot a sling bullet.
The sling bullet closely misses the hobgoblin.
The hobgoblin hits you.
* * * LOW HITPOINT WARNING * * *
You are too injured to fight recklessly!
You are too injured to fight recklessly!
Aiming: Slow (safe; 3% risk of failure)
Press: ? - help, Q - select action, (/) - cycle Shift-Dir - straight line, f/p - hobgoblin
Aim: a hobgoblin (severely wounded, chance to affect: 67%)
The hobgoblin struggles to resist.
The hobgoblin hits you.
* * * LOW HITPOINT WARNING * * *
Unknown command.
Aiming: Slow (safe; 3% risk of failure)
Press: ? - help, Q - select action, (/) - cycle Shift-Dir - straight line, f/p - hobgoblin
Aim: a hobgoblin (severely wounded, chance to affect: 67%)
The hobgoblin seems to slow down.
The hobgoblin hits you.
* * * LOW HITPOINT WARNING * * *
Fire: a) +1 sling
Press: ? - help, Q - select action, (/) - cycle Shift-Dir - straight line, f/p - hobgoblin
Aim: a hobgoblin (severely wounded, slow, 57% to hit)
You shoot a sling bullet. The sling bullet hits the hobgoblin.
The hobgoblin is almost dead.
Fire: a) +1 sling
Press: ? - help, Q - select action, (/) - cycle Shift-Dir - straight line, f/p - hobgoblin
Aim: a hobgoblin (almost dead, slow, 57% to hit)
You shoot a sling bullet.
The sling bullet hits the hobgoblin but does no damage.
The hobgoblin is almost dead.
Fire: a) +1 sling
Press: ? - help, Q - select action, (/) - cycle Shift-Dir - straight line, f/p - hobgoblin
Aim: a hobgoblin (almost dead, slow, 57% to hit)
You shoot a sling bullet.
The sling bullet barely misses the hobgoblin.
Fire: a) +1 sling
Press: ? - help, Q - select action, (/) - cycle Shift-Dir - straight line, f/p - hobgoblin
Aim: a hobgoblin (almost dead, slow, 57% to hit)
You shoot a sling bullet.
The sling bullet completely misses the hobgoblin.
The hobgoblin hits you but does no damage.
Fire: a) +1 sling
Press: ? - help, Q - select action, (/) - cycle Shift-Dir - straight line, f/p - hobgoblin
Aim: a hobgoblin (almost dead, slow, 57% to hit)
You shoot a sling bullet. The sling bullet hits the hobgoblin.
You kill the hobgoblin!
Magic restored.
HP restored.
A rat comes into view.
A rat is nearby!
A rat is nearby!
A rat is nearby!
You shoot a sling bullet. The sling bullet hits the rat.
You kill the rat!
A dart slug comes into view.
A dart slug is nearby!
A dart slug is nearby!
You shoot a sling bullet. The sling bullet hits the dart slug.
The dart slug is moderately wounded.
You shoot a sling bullet. The sling bullet hits the dart slug!
You kill the dart slug!
No target in view!
h - a red potion
Found 2 poisoned darts.
You now have 38 gold pieces (gained 16).
Found 2 stones.
i - a scroll labelled MUPLUV MEPLU A bat comes into view.
A bat is nearby!
You shoot a sling bullet. The sling bullet barely misses the bat.
You shoot a sling bullet. The sling bullet barely misses the bat.
The bat closely misses you. x2
You shoot a sling bullet.
The sling bullet completely misses the bat.
The bat barely misses you.
You shoot a sling bullet.
The sling bullet completely misses the bat.
The bat closely misses you.
You shoot a sling bullet. The sling bullet hits the bat.
The bat is moderately wounded.
The bat misses you.
You shoot a sling bullet. The sling bullet misses the bat.
The bat closely misses you.
You shoot a sling bullet.
The sling bullet closely misses the bat.
The bat misses you. The bat hits you but does no damage.
You shoot a sling bullet. The sling bullet barely misses the bat.
The bat hits you.
You shoot a sling bullet. The sling bullet hits the bat.
You kill the bat!
No target in view!
No target in view!
g - 2 scrolls labelled KANOED EMIVIZA (gained 1)
j - a murky inky potion A quokka comes into view.
Found a stone staircase leading down.
A quokka is nearby!
A quokka is nearby!
You shoot a sling bullet. The sling bullet hits the quokka.
The quokka is severely wounded.
You shoot a sling bullet. The sling bullet misses the quokka.
You shoot a sling bullet.
The sling bullet closely misses the quokka.
You shoot a sling bullet.
The sling bullet barely misses the quokka.
You shoot a sling bullet.
The sling bullet barely misses the quokka.
The quokka bites you.
You shoot a sling bullet.
The sling bullet barely misses the quokka.
The quokka bites you.
* * * LOW HITPOINT WARNING * * *
The quokka barely misses you.
You are too injured to fight recklessly!
You are too injured to fight recklessly!
Casting: Slow (safe; 3% risk of failure)
Confirm with . or Enter, or press ? or * to list all spells.
Aiming: Slow (safe; 3% risk of failure)
Press: ? - help, Shift-Dir - straight line, f/p - quokka
Aim: a quokka (moderately wounded, chance to affect: 67%)
The quokka seems to slow down.
The quokka closely misses you.
Fire: a) +1 sling
Press: ? - help, Q - select action, (/) - cycle Shift-Dir - straight line, f/p - quokka
Aim: a quokka (moderately wounded, slow, 46% to hit)
You shoot a sling bullet.
The sling bullet closely misses the quokka.
The quokka bites you.
* * * LOW HITPOINT WARNING * * *
Fire: a) +1 sling
Press: ? - help, Q - select action, (/) - cycle Shift-Dir - straight line, f/p - quokka
Aim: a quokka (moderately wounded, slow, 46% to hit)
You shoot a sling bullet. The sling bullet misses the quokka.
Fire: a) +1 sling
Press: ? - help, Q - select action, (/) - cycle Shift-Dir - straight line, f/p - quokka
Aim: a quokka (moderately wounded, slow, 46% to hit)
You shoot a sling bullet.
The sling bullet barely misses the quokka.
The quokka closely misses you.
Fire: a) +1 sling
Press: ? - help, Q - select action, (/) - cycle Shift-Dir - straight line, f/p - quokka
Aim: a quokka (moderately wounded, slow, 46% to hit)
You shoot a sling bullet. The sling bullet hits the quokka.
You kill the quokka!
Found a whip.
Found a stone staircase leading down.
There is a stone staircase leading down here.
There is a stone staircase leading down here.
An endoplasm comes into view.
An endoplasm is nearby!
An endoplasm is nearby!
An endoplasm is nearby!
No reachable target in view!
Found a fuming orange potion.
You shoot a sling bullet. The sling bullet hits the endoplasm.
The endoplasm quivers.
The endoplasm is moderately wounded.
You shoot a sling bullet.
The sling bullet barely misses the endoplasm.
You shoot a sling bullet. The sling bullet hits the endoplasm.
The endoplasm is severely wounded.
You shoot a sling bullet. The sling bullet hits the endoplasm.
The endoplasm is almost dead.
The endoplasm barely misses you.
You shoot a sling bullet. The sling bullet hits the endoplasm!
You kill the endoplasm!
k - a fuming orange potion
Found a dagger.
You see here a +0 dagger.
You see here a +0 dagger.
Done exploring.
Done exploring.
Done exploring.
Done exploring.
(D) Dungeon
Where to? (? - help)
There is a stone staircase leading down here.
You climb downwards.
There is a stone staircase leading up here.
A frilled lizard is nearby!
A frilled lizard is nearby!
A frilled lizard is nearby!
A frilled lizard is nearby!
You shoot a sling bullet.
The sling bullet hits the frilled lizard!
You kill the frilled lizard!
No target in view!
You see here a frilled lizard corpse.
A goblin comes into view. It is wielding a +0 club.
Found 6 gold pieces.
A goblin is nearby!
A goblin is nearby!
You shoot a sling bullet. The sling bullet hits the goblin.
You kill the goblin!
No target in view!
Things that are here:
a +0 club; a goblin corpse You now have 44 gold pieces (gained 6).
Found a stone staircase leading up.
You now have 53 gold pieces (gained 9).
Found a scale mail.
A worm comes into view.
You shoot a sling bullet. The sling bullet hits the worm.
The worm is moderately wounded.
You shoot a sling bullet. The sling bullet hits the worm.
The worm is heavily wounded.
A goblin comes into view. It is wielding a +0 club.
You shoot a sling bullet. The goblin shouts!
The sling bullet hits the worm.
The worm is severely wounded.
You hear a shout! x2
The goblin unwields a +0 club.
The goblin wields a +0 sling.
The goblin shoots a sling bullet.
The sling bullet hits you.
You shoot a sling bullet.
The sling bullet hits the worm but does no damage.
The worm is severely wounded.
The goblin shoots a sling bullet.
The sling bullet closely misses you.
You hear a shout! x3
You shoot a sling bullet.
The sling bullet barely misses the worm.
The goblin shoots a sling bullet.
The sling bullet closely misses you.
You hear a shout! x3
You shoot a sling bullet. The sling bullet hits the worm.
The worm is almost dead.
A hobgoblin comes into view.
A goblin comes into view. It is wielding a +0 club.
The goblin shoots a sling bullet.
The sling bullet closely misses you.
The goblin shoots a sling bullet.
The sling bullet closely misses you.
You shoot a sling bullet. The sling bullet hits the worm!
You kill the worm!
A hobgoblin comes into view.
You have reached level 3!
Your experience leads to an increase in your attributes!
Increase (S)trength, (I)ntelligence, or (D)exterity?
You feel agile. x2
You shoot a sling bullet. The sling bullet hits the hobgoblin.
The hobgoblin is severely wounded.
The goblin shoots a sling bullet.
The sling bullet misses you.
Robin of the Strong Arm comes into view.
They are wielding a +0 club.
The goblin shoots a sling bullet.
The sling bullet closely misses you.
Things that are here:
a +0 club; a goblin corpse You shoot a sling bullet.
The sling bullet barely misses the hobgoblin.
The sling bullet completely misses the goblin.
You shoot a sling bullet. The sling bullet hits the hobgoblin.
The hobgoblin is almost dead.
You shoot a sling bullet.
The sling bullet closely misses the hobgoblin.
The sling bullet hits the goblin!
You kill the goblin!
You shoot a sling bullet.
The sling bullet closely misses the hobgoblin.
The sling bullet barely misses the goblin.
The sling bullet hits the hobgoblin but does no damage.
The hobgoblin barely misses you.
Robin flexes a bicep menacingly.
Robin roars a battlecry!
The goblins go into a battle-frenzy!
You shoot a sling bullet. The sling bullet hits the hobgoblin!
You kill the hobgoblin!
The goblin shoots a sling bullet.
The sling bullet closely misses you.
Robin's bangles clink loudly.
You hear a shout!
The goblin shoots a sling bullet.
The sling bullet barely misses you.
There is a stone staircase leading up here.
No target in view!
You start waiting.
A goblin is nearby!
You shoot a sling bullet. The sling bullet hits the goblin.
You kill the goblin!
Your Ranged Weapons skill increases to level 4!
You shoot a sling bullet.
The sling bullet hits the hobgoblin but does no damage.
The hobgoblin closely misses you.
You climb upwards.
There is a stone staircase leading down here.
You shoot a sling bullet.
The sling bullet closely misses the hobgoblin.
The hobgoblin barely misses you.
You shoot a sling bullet.
The sling bullet hits the hobgoblin but does no damage.
The hobgoblin hits you.
You shoot a sling bullet.
The sling bullet closely misses the hobgoblin.
The hobgoblin hits you. The hobgoblin closely misses you.
You shoot a sling bullet. The sling bullet hits the hobgoblin.
You kill the hobgoblin!
Your Hexes skill increases to level 5!
Casting: Slow (safe; 2% risk of failure)
Confirm with . or Enter, or press ? or * to list all spells.
You don't know that spell.
HP restored.
Done exploring.
Done exploring.
Done exploring.
You see here a hobgoblin corpse.
There is a stone staircase leading down here.
You climb downwards.
Level annotation: Robin
There is a stone staircase leading up here.
Sigmund the Dreaded comes into view.
He is wielding a +0 scythe.
Sigmund is nearby!
Sigmund is nearby!
A goblin comes into view. It is wielding a +0 club.
A goblin is nearby!
A goblin is nearby!
A goblin is nearby!
You shoot a sling bullet. The sling bullet hits the goblin!
You kill the goblin!
No target in view!
You see here a +0 club. 2 jackals come into view.
The jackal barks!
A jackal comes into view.
There are monsters nearby!
There are monsters nearby!
You shoot a sling bullet. The jackal barks! x2
The sling bullet hits the jackal!
You kill the jackal!
You shoot a sling bullet.
The sling bullet closely misses the jackal.
The jackal attacks as you move away! The jackal bites you.
The jackal completely misses you.
You see here a +0 club.
You shoot a sling bullet.
The sling bullet closely misses the jackal.
The sling bullet hits the jackal.
The jackal is heavily wounded.
The jackal closely misses you.
You shoot a sling bullet.
The sling bullet hits the jackal but does no damage.
The jackal bites you. x2
You shoot a sling bullet. The sling bullet hits the jackal.
You kill the jackal!
The jackal closely misses you.
You shoot a sling bullet.
The sling bullet hits the jackal but does no damage.
The jackal is moderately wounded.
The jackal bites you.
You shoot a sling bullet. The sling bullet hits the jackal!
You kill the jackal!
No target in view!
No target in view!
HP restored.
You see here a jackal corpse.
You now have 65 gold pieces (gained 12).
A frilled lizard comes into view.
A frilled lizard is nearby!
A frilled lizard is nearby!
You shoot a sling bullet.
The sling bullet hits the frilled lizard.
You kill the frilled lizard!
No target in view!
You now have 72 gold pieces (gained 7).
A bat comes into view.
A bat is nearby!
A bat is nearby!
You shoot a sling bullet. The sling bullet hits the bat.
You kill the bat!
No target in view!
An adder and a kobold come into view.
Found 11 gold pieces and a scroll labelled QOSHRU XUT URPH.
There are monsters nearby!
There are monsters nearby!
You shoot a sling bullet. The sling bullet hits the adder.
The adder hisses angrily.
The adder is severely wounded.
The kobold shouts!
You shoot a sling bullet. The sling bullet hits the adder.
The adder is almost dead.
The adder barely misses you. The adder bites you but does no damage.
You shoot a sling bullet.
The sling bullet barely misses the adder.
The adder barely misses you.
You shoot a sling bullet. The sling bullet misses the adder.
The adder barely misses you. x2
You shoot a sling bullet.
The sling bullet barely misses the adder.
The adder bites you.
You shoot a sling bullet.
The sling bullet closely misses the adder.
The sling bullet hits the kobold but does no damage.
The adder bites you. x2
You are too injured to fight recklessly!
You are too injured to fight recklessly!
You are too injured to fight recklessly!
You are too injured to fight recklessly!
Fire: a) +1 sling
Press: ? - help, Q - select action, (/) - cycle Shift-Dir - straight line, f/p - adder
Aim: an adder (severely wounded, 42% to hit)
You shoot a sling bullet.
The sling bullet hits the adder but does no damage.
The adder is severely wounded.
The adder bites you.
* * * LOW HITPOINT WARNING * * *
The adder bites you.
* * * LOW HITPOINT WARNING * * *
You are poisoned.
The adder poisons you!
Casting: Slow (safe; 2% risk of failure)
Confirm with . or Enter, or press ? or * to list all spells.
Aiming: Slow (safe; 2% risk of failure)
Press: ? - help, Shift-Dir - straight line, f/p - adder
Aim: an adder (severely wounded, chance to affect: 60%)
The adder resists with significant effort.
* * * LOW HITPOINT WARNING * * *
You feel sick. The adder barely misses you.
It was a potion of might.
You feel very mighty all of a sudden.
* * * LOW HITPOINT WARNING * * *
You feel sick. The adder bites you.
You die...

#. .... #.#... . #
..... .# #.###.#..
.# ......# ?#
....##$###.
#.K....... #S#
#### #@# ...# #.#
##.# #.# #.# #.#
#.# #.# ##.## #.#
#...############.#
#.#..............#
#...##############


You could see an adder and a kobold.

Vanquished Creatures
  A worm (D:2)
  A dart slug (D:1)
  An endoplasm (D:1)
  2 giant cockroaches (D:1)
  8 goblins
  4 hobgoblins
  3 jackals (D:2)
  4 quokkas (D:1)
  A ball python (D:1)
  3 bats
  2 frilled lizards (D:2)
  2 kobolds (D:1)
  3 rats (D:1)
35 creatures vanquished.

Notes
Turn   | Place    | Note
-------+----------+-------------------------------------------
     0 | D:1      | sleeves the Deep Elf Hexslinger began the quest for the
                  | Orb.
     0 | D:1      | Reached XP level 1. HP: 11/11 MP: 5/5
    32 | D:1      | Reached skill level 3 in Ranged Weapons
    58 | D:1      | Reached XP level 2. HP: 16/16 MP: 6/6
   164 | D:1      | HP: 8/16 [hobgoblin (3)]
   285 | D:1      | HP: 8/16 [quokka (4)]
   562 | D:2      | Reached XP level 3. HP: 20/20 MP: 7/7
   562 | D:2      | Noticed Robin
   596 | D:2      | Reached skill level 4 in Ranged Weapons
   603 | D:1      | Reached skill level 5 in Hexes
   641 | D:2      | Noticed Sigmund
   820 | D:2      | HP: 9/20 [adder (3)]
   821 | D:2      | HP: 4/20 [poisoned by an adder]
   822 | D:2      | Slain by an adder

Illustrated notes

Levels and vault maps discovered:
D:1:      lightli_arrival_statue_moat, layout_rooms, minmay_misc_feat_pillars,
          reono_crystal_passage
D:2:      layout_loops_ring, uniq_sigmund, uniq_robin

Skill      XL: |  1  2  3 |
---------------+----------+-----
Ranged Weapons | 3 4 |  4.1
Hexes          | 5 |  5.0
Fighting       | |  0.7
Dodging        | |  2.4
Spellcasting   | |  1.5

Action                   || total
-------------------------++-------
 Fire: Sling             ||   102
 Cast: Slow              ||     4
  Use: Potion            ||     1
Armor: Robe              ||     5
Dodge: Dodged            ||    37

Table legend: (Time is in decaauts)
 A = Elapsed time spent in this place.
 B = Non-inter-level travel time spent in this place.
 C = Inter-level travel time spent in this place.
 D = Time resting spent in this place.
 E = Time spent auto-exploring this place.
 F = Levels seen in this place.
 G = Mean time per level.
                   A        B        C        D        E       F      G
               +--------+--------+--------+--------+--------+-----+--------+
         Total |    843 |    825 |     18 |      3 |    593 |   2 |  421.5 |
       Dungeon |    843 |    825 |     18 |      3 |    593 |   2 |  421.5 |
               +--------+--------+--------+--------+--------+-----+--------+

Top non-repeatable levels by time:
     D:1: 557 daAuts
     D:2: 286 daAuts
